 Dungeon Crawl Stone Soup version 0.27-a0-1193-g8631133539 (webtiles) character file.

Game seed: 5059180609768946621

66 freelancePsychic the Ruffian (level 3, 37/37 HPs)
             Began as a Troll Fighter on May 25, 2021.
             Was a Follower of Kikubaaqudgha.
             Quit the game on level 2 of the Dungeon.
             The game lasted 00:01:34 (1001 turns).

freelancePsychic the Ruffian (Troll Fighter)        Turns: 1001, Time: 00:01:34

Health: 37/37      AC:  4    Str: 25    XL:     3   Next: 96%
Magic:  2/2        EV:  7    Int:  4    God:    Kikubaaqudgha [*.....]
Gold:   81         SH:  8    Dex:  9    Spells: 2/2 levels left

rFire    . . .     SeeInvis .     - Unarmed
rCold    . . .     Faith    .   b - +0 kite shield
rNeg     . . .     Spirit   .   a - +0 robe
rPois    .         Reflect  .   (helmet restricted)
rElec    .         Harm     .   (no cloak)
rCorr    .         Rampage  .   (gloves unavailable)
Will     .....                  (boots unavailable)
Stlth    +.........             (no amulet)
HPRegen  1.12/turn              (no ring)
MPRegen  0.08/turn              (no ring)

@: no status effects
A: large, unfitting armour, claws 3, regeneration 1, shaggy fur 1, tough skin 1
a: Renounce Religion, Receive Corpses


You were on level 2 of the Dungeon.
You worshipped Kikubaaqudgha.
Kikubaaqudgha was aware of your devotion.
You visited 1 branch of the dungeon, and saw 2 of its levels.

You collected 81 gold pieces.

Inventory:

Missiles
 i - 4 javelins (quivered)
Armour
 a - a +0 robe (worn)
 b - a +0 kite shield (worn)
Scrolls
 d - 2 scrolls of fog {unknown}
 g - a scroll of immolation {unknown}
 j - a scroll of identify {unknown}
Potions
 c - a potion of might
 e - a potion of resistance {unknown}
 f - a potion of heal wounds {unknown}
 h - a potion of invisibility {unknown}
 k - a potion of curing {unknown}


   Skills:
 + Level 3.0 Fighting
 - Level 2.4 Dodging
 - Level 2.4 Shields
 * Level 3.7 Unarmed Combat


You had 2 spell levels left.
You didn't know any spells.
Your spell library contained the following spells:

 Spells                   Type           Power      Damage    Failure   Level
 Animate Skeleton         Necr           0%         N/A       93%         1
 Pain                     Necr           0%         1d4       93%         1
 Sublimation of Blood     Necr           0%         N/A       98%         2
 Vampiric Draining        Necr           0%         2d6       100%        3


Dungeon Overview and Level Annotations

Branches:
Dungeon (2/15)

Altars:
Kikubaaqudgha


Innate Abilities, Weirdness & Mutations

You are too large for most types of armour.
You have claws for hands.
Your natural rate of healing is unusually fast.
You are covered in fur. (AC +1)
You have tough skin. (AC +1)


Message History

As you open the door, it creaks loudly!
There is an open door here.
You open the door.
There is an open door here.
You open the door.
There is an open door here.
An endoplasm and a goblin come into view.
The endoplasm quivers.
The goblin shouts!
The endoplasm moves out of view.
You scratch the goblin but do no damage.
The goblin hits you with a +0 club.
You claw the goblin!
You kill the goblin!
You claw the endoplasm!
You kill the endoplasm!
No target in view!
No target in view!
No target in view!
Things that are here:
a +0 club; a goblin corpse
Found an escape hatch in the floor.
You now have 81 gold pieces (gained 7).
You open the door.
There is an open door here.
d - 2 scrolls labelled ADDAAR GAMIREU (gained 1)
Found a ring mail.
You open the door.
There is an open door here.
Found a faded altar of an unknown god.
There is a faded altar of an unknown god here.
You cannot tell which god this altar belongs to.
Convert to them anyway?
Kikubaaqudgha accepts your prayer! Kikubaaqudgha welcomes you!
You can now receive cadavers from Kikubaaqudgha.
You see here Kikubaaqudgha's Grimoire of Dark Secrets.
Kikubaaqudgha grants you a gift!
You pick up Kikubaaqudgha's Grimoire of Dark Secrets and begin reading...
You add the spells Animate Skeleton, Pain, Sublimation of Blood and Vampiric Draining to your library.
Are you sure you want to abandon this character and quit the game? (Confirm with "yes".)

#...........# #...........#
#...........# #######
#...........#
###.....####...........#
.......................#
.................>.....'
#...^.^#.........<...#
#^@.#..#####'#'#### .#
#.^.#).#...#.#.#... ..#
#..##..#.#.#.#.#.##
#######..######.###..#.#.#.#.#.#.
.....................#.#.#.#.#..>
#.#........########.##.#.#.#.#.##
.[+........+.######.##.#.#.#.#...
#.#........#.#.........#.#.#.#...
...........#.#.####.##.#.#.#...##


There were no monsters in sight!

Vanquished Creatures
  2 adders (D:2)
  2 worms (D:2)
  2 bats (D:2)
  2 endoplasms
  A giant cockroach (D:1)
  3 goblins
  6 hobgoblins
  3 jackals (D:1)
  3 kobolds
  2 quokkas (D:1)
  7 ball pythons (D:1)
  3 frilled lizards (D:1)
  2 rats (D:1)
38 creatures vanquished.

Notes
Turn   | Place    | Note
-------+----------+-------------------------------------------
     0 | D:1      | freelancePsychic the Troll Fighter began the quest for the
                  | Orb.
     0 | D:1      | Reached XP level 1. HP: 22/22 MP: 0/0
    66 | D:1      | Reached XP level 2. HP: 29/29 MP: 1/1
   434 | D:1      | Reached XP level 3. HP: 36/36 MP: 2/2
   994 | D:2      | Found a faded altar of an unknown god.
   999 | D:2      | Became a worshipper of Kikubaaqudgha
   999 | D:2      | Reached * piety under Kikubaaqudgha
   999 | D:2      | Identified Kikubaaqudgha's Grimoire of Dark Secrets
                  | (Kikubaaqudgha gifted it to you on level 2 of the Dungeon)
   999 | D:2      | Received a gift from Kikubaaqudgha
  1001 | D:2      | Quit the game

Illustrated notes

Levels and vault maps discovered:
D:1:      elethiomel_arrival_quiet, layout_loops_ring, minmay_pentomino_w4
D:2:      layout_basic, ebering_ecumenical_altar_webs

Skill      XL: |  1  2  3 |
---------------+----------+-----
Unarmed Combat | 3 |  3.7
Fighting       | 3 |  3.0
Dodging        | |  2.4
Shields        | |  2.4

Action                   || total
-------------------------++-------
Melee: Unarmed           ||    91
Armor: Robe              ||    27
Dodge: Dodged            ||    31
Block: Kite shield       ||    38

Table legend: (Time is in decaauts)
 A = Elapsed time spent in this place.
 B = Non-inter-level travel time spent in this place.
 C = Inter-level travel time spent in this place.
 D = Time resting spent in this place.
 E = Time spent auto-exploring this place.
 F = Levels seen in this place.
 G = Mean time per level.
                   A        B        C        D        E       F      G
               +--------+--------+--------+--------+--------+-----+--------+
         Total |   1016 |   1010 |      6 |      0 |    801 |   2 |  508.0 |
       Dungeon |   1016 |   1010 |      6 |      0 |    801 |   2 |  508.0 |
               +--------+--------+--------+--------+--------+-----+--------+

Top non-repeatable levels by time:
     D:1: 593 daAuts
     D:2: 423 daAuts
